 Dungeon Crawl Stone Soup version 0.30-a0-585-g93115170b9 (webtiles) character file.

Game seed: 13544692741889368350

13877 Sabo the Cleaver (level 11, -4/98 HPs)
             Began as an Armataur Fighter on Jan 2, 2023.
             Was a Believer of Makhleb.
             Slain by a tengu warrior
             ... wielding a +0 long sword
              (5 damage)
             ... on level 11 of the Dungeon.
             The game lasted 01:08:04 (10839 turns).

Sabo the Cleaver (Armataur Fighter)                Turns: 10839, Time: 01:08:05

Health: -4/98      AC: 33    Str: 30    XL:     11   Next: 81%
Magic:  11/11      EV:  7    Int:  8    God:    Makhleb [**....]
Gold:   597        SH:  5    Dex:  8    Spells: 10/10 levels left

rFire   . . .      SeeInvis .    z - +2 battleaxe
rCold   + + .      Faith    .    (shield currently unavailable)
rNeg    . . .      Spirit   .    k - +7 Kryia's mail coat {PotionHeal*2 rC+}
rPois   .          Reflect  +    a - +1 hat
rElec   .          Harm     .    I - +1 cloak
rCorr   .          Roll     +    H - +2 pair of gloves {Stlth+}
Will    .....                    y - +3 barding {rC+}
Stlth   ++                       b - amulet of reflection
HPRegen 0.36/turn                p - ring of flight
MPRegen 0.12/turn                (no ring)

@: flying, unable to drink
A: large, rugged brown scales 3, deformed body, armoured tail, roll, long
tongue, awkward tongue, hooves 1, iridescent scales 1, mutation resistance 1,
strong 1, inability to drink after injury 1
a: Renounce Religion, Minor Destruction


You were on level 11 of the Dungeon.
You worshipped Makhleb.
Makhleb was pleased with you.
You visited 2 branches of the dungeon, and saw 12 of its levels.

You collected 687 gold pieces.
You spent 90 gold pieces at shops.

Inventory:

Hand Weapons
 j - a +3 demon trident
 n - a +0 longbow
 w - a +0 broad axe of pain
 z - a +2 battleaxe (weapon)
 B - a +5 falchion of holy wrath
 M - a +5 falchion
Missiles
 K - 17 poisoned darts
 O - 5 javelins
Armour
 a - a +1 hat (worn)
 h - the +1 chain mail of Gravitas {rElec rF+ rN+ Regen+}
   (You found it on level 4 of the Dungeon)

   rF:        It protects you from fire.
   rElec:     It insulates you from electricity.
   rN:        It protects you from negative energy.
   Regen:     It increases your rate of health regeneration.
 k - the +7 Kryia's mail coat (worn) {PotionHeal*2 rC+}
   (You acquired it on level 5 of the Dungeon)

   Potions are twice as effective at healing its wearer.
   rC:        It protects you from cold.
 x - a scarf of shadows
 y - a +3 barding of cold resistance (worn)
 H - a +2 pair of gloves of stealth (worn)
 I - a +1 cloak (worn)
 N - a +0 tower shield
Jewellery
 b - an amulet of reflection (around neck)
 p - a ring of flight (left hand)
Wands
 t - a wand of flame (78)
 A - a wand of roots (13)
 D - a wand of acid (15)
 F - a wand of mindburst (20)
 J - a wand of paralysis (5)
Scrolls
 g - 3 scrolls of fear
 i - 4 scrolls of teleportation
 m - a scroll of identify
 r - a scroll of poison
 L - a scroll of magic mapping
Potions
 c - 2 potions of magic {unknown}
 d - 2 potions of might
 f - 2 potions of mutation
 l - a potion of heal wounds (quivered)
 q - 2 potions of curing
 s - 2 potions of haste
 C - 2 potions of flight
 G - a potion of cancellation {unknown}
 P - a potion of resistance {unknown}


   Skills:
 + Level 7.1 Fighting
 + Level 3.7 Short Blades
 + Level 11.5 Axes
 + Level 9.8 Armour
 + Level 3.4 Dodging
 + Level 3.1 Stealth
 + Level 6.9 Shields
 + Level 0.3 Evocations


You had 10 spell levels left.
You didn't know any spells.
Your spell library contained the following spells:

 Spells                   Type           Power      Damage    Failure   Level
 Beastly Appendage        Tmut           0%         N/A       61%         1
 Foxfire                  Conj/Fire      0%         2x1d4     61%         1
 Necrotise                Necr           0%         1d4       61%         1
 Ensorcelled Hibernation  Hex/Ice        0%         N/A       75%         2
 Wereblood                Tmut           0%         N/A       75%         2
 Spider Form              Tmut/Pois      0%         N/A       93%         3
 Vampiric Draining        Necr           0%         2d6       93%         3
 Anguish                  Hex/Necr       0%         N/A       100%        4
 Agony                    Necr           0%         N/A       100%        5
 Enfeeble                 Hex            0%         N/A       100%        7


Dungeon Overview and Level Annotations

Branches:
Dungeon (11/15)            Temple (1/1) D:5            Lair (0/5) D:8
    Orc: D:9-12

Altars:
Cheibriados
Dithmenos
Fedhas
Kikubaaqudgha
Makhleb
Okawaru
Qazlal
Ru
Sif Muna
Trog
Vehumet
Wu Jian
Xom
Yredelemnul
Zin
The Shining One
Jiyva

Annotations:
D:6 2 runed translucent doors, Theoretic's ghost, novice DrIE


Innate Abilities, Weirdness & Mutations

You are completely covered in rugged brown scales. (AC +3, +7% HP)
Armour fits poorly on your strangely shaped body.
You have a long armoured tail.
You roll when moving toward enemies. (Rampage)
Your long tongue fully drains potion bottles. (2x potion effects)
Your tongue gives you trouble enunciating. (1.5x scroll delay)
You have large cloven feet.
You are partially covered in iridescent scales. (AC +2)
You are somewhat resistant to further mutation.
Your muscles are strong. (Str +4, Int/Dex -1)
You occasionally lose the ability to drink potions when taking damage.


Message History

The tengu warrior hits you but does no damage.
The tengu warrior pecks you.
The tengu warrior claws you but does no damage.
The skeletal warrior hits you but does no damage.
You block the skeletal warrior's attack.
The tengu warrior hits you with a +0 war axe.
The tengu warrior pecks you but does no damage.
The tengu warrior claws you but does no damage.
You miss the tengu warrior.
The tengu warrior is severely wounded.
You barely miss the tengu warrior. You barely miss the skeletal warrior.
The tengu warrior hits you with a +0 long sword.
The tengu warrior pecks you but does no damage.
The tengu warrior claws you but does no damage.
You block the skeletal warrior's attack.
The skeletal warrior hits you with a +0 dire flail.
The tengu warrior hits you but does no damage.
The tengu warrior pecks you but does no damage.
The tengu warrior claws you but does no damage.
You miss the tengu warrior. You kick the tengu warrior.
The tengu warrior is severely wounded.
The tengu warrior blocks your attack.
You closely miss the skeletal warrior.
The tengu warrior hits you with a +0 long sword.
The tengu warrior pecks you.
The tengu warrior claws you but does no damage.
The skeletal warrior hits you from afar with a +0 halberd!
You feel threatened and lose the ability to drink potions!
* * * LOW HITPOINT WARNING * * *
The skeletal warrior hits you with a +0 dire flail!
* * * LOW HITPOINT WARNING * * *
The tengu warrior hits you with a +0 war axe!
* * * LOW HITPOINT WARNING * * *
The tengu warrior barely misses you.
The tengu warrior claws you but does no damage.
You barely miss the tengu warrior.
Your tail-slap misses the tengu warrior.
The tengu warrior is severely wounded.
You closely miss the skeletal warrior. The tengu warrior blocks your attack.
The tengu warrior hits you with a +0 long sword.
You die...

. #........z......#
..#....#.###Q#..(.#
..#...............#
......##.....##...#
#.#.#.............#
#...#.#.#...#.#...#
........#.#.#..zz.#
.....##.......##Qz#
..........#.....@Q#
.###.#....#....#..#
..........#.......#
.....##.......##..#
........#.#.#.....##
#...#.#.#...#.#....#
#.#.#..............#
......##.....##....#
..#................#


You could see 3 skeletal warriors and 2 tengu warriors.

Vanquished Creatures
  Gastronok (D:8)
  A centaur warrior (D:11)
  Erica (D:9)
  3 two-headed ogres
  Urug (D:10)
  Maurice (D:8)
  Joseph (D:7)
  A gargoyle (D:9)
  Maggie (D:8)
  A kobold demonologist (D:10)
  A troll (D:10)
  A hornet (D:9)
  Sigmund (D:4)
  A wraith (D:10)
  17 yaks (D:9)
  A vampire (D:7)
  Eustachio (D:5)
  Grum (D:9)
  6 vampire mosquitoes
  3 acid dragons
  2 water moccasins
  An orc warrior (D:8)
  2 black bears
  An ogre (D:7)
  4 wolves (D:9)
  3 centaurs
  3 phantoms (D:6)
  3 kobold brigands
  2 gnoll sergeants (D:7)
  A necrophage (D:6)
  2 bullfrogs
  3 scorpions
  3 wights (D:10)
  6 killer bees (D:10)
  8 jellies
  2 hounds (D:6)
  2 orc priests
  4 iguanas
  5 orc wizards
  6 gnolls (D:7)
  5 adders
  A shadow imp (D:7)
  4 white imps
  2 worms (D:2)
  4 dart slugs
  12 orcs
  8 bats
  6 endoplasms
  3 giant cockroaches
  8 goblins
  8 hobgoblins
  A jackal (D:1)
  4 quokkas
  11 ball pythons
  6 frilled lizards
  12 kobolds
  6 rats
209 creatures vanquished.

Vanquished Creatures (others)
  A fungus (D:6)
1 creature vanquished.

Grand Total: 210 creatures vanquished

Notes
Turn   | Place    | Note
-------+----------+-------------------------------------------
     0 | D:1      | Sabo the Armataur Fighter began the quest for the Orb.
     0 | D:1      | Reached XP level 1. HP: 19/19 MP: 1/1
   106 | D:1      | Reached XP level 2. HP: 23/26 MP: 2/2
   426 | D:1      | Found Vopaxt's Distillery.
   657 | D:1      | Reached XP level 3. HP: 30/33 MP: 3/3
  1363 | D:3      | Found an ancient bone altar of Kikubaaqudgha.
  1374 | D:3      | Found an ornate altar of the Wu Jian Council.
  1374 | D:3      | Found a snail-covered altar of Cheibriados.
  1374 | D:3      | Found a radiant altar of Vehumet.
  1752 | D:3      | Reached XP level 4. HP: 40/40 MP: 4/4
  1932 | D:3      | Reached skill level 1 in Short Blades
  2322 | D:4      | Noticed a human
  2333 | D:4      | Found a runed translucent door.
  2350 | D:4      | Found a basalt altar of Yredelemnul.
  2559 | D:4      | Noticed Sigmund
  2564 | D:4      | Killed Sigmund
  2565 | D:4      | Reached skill level 5 in Armour
  2565 | D:4      | Reached XP level 5. HP: 48/48 MP: 5/5
  2579 | D:4      | Reached XP level 6. HP: 48/54 MP: 4/6
  2811 | D:4      | Identified the +1 chain mail of Gravitas {rElec rF+ rN+
                  | Regen+}
  3284 | D:5      | Entered Level 5 of the Dungeon
  3485 | D:5      | Found a burning altar of Makhleb.
  3493 | D:5      | Noticed a blizzard demon
  3496 | D:5      | Noticed a smoke demon
  3496 | D:5      | Noticed a ynoxinul
  3498 | D:5      | Became a worshipper of Makhleb the Destroyer
  3618 | D:5      | Noticed Eustachio
  3621 | D:5      | Reached skill level 2 in Axes
  3621 | D:5      | Reached XP level 7. HP: 42/62 MP: 7/7
  3625 | D:5      | Reached skill level 1 in Stealth
  3652 | D:5      | Killed Eustachio
  3653 | D:5      | Reached skill level 3 in Axes
  3653 | D:5      | Reached skill level 1 in Dodging
  3773 | D:5      | Found a staircase to the Ecumenical Temple.
  3782 | Temple   | Entered the Ecumenical Temple
  3796 | D:5      | Identified a scroll of acquirement
  3797 | D:5      | Acquired the +7 Kryia's mail coat {PotionHeal*2 rC+}
  3797 | D:5      | Found the +7 Kryia's mail coat {PotionHeal*2 rC+}
  3940 | D:5      | Found a bloodstained altar of Trog.
  4323 | D:5      | Gained mutation: You are agile. (Dex +4, Str/Int -1)
                  | [potion of mutation]
  4323 | D:5      | Gained mutation: You have large cloven feet. [potion of
                  | mutation]
  4323 | D:5      | Gained mutation: You are partially covered in iridescent
                  | scales. (AC +2) [potion of mutation]
  4323 | D:5      | Lost mutation: You are agile. (Dex +4, Str/Int -1) [potion
                  | of mutation]
  4323 | D:5      | Gained mutation: Your muscles are strong. (Str +4, Int/Dex
                  | -1) [potion of mutation]
  4323 | D:5      | Gained mutation: You occasionally lose the ability to drink
                  | potions when taking damage. [potion of mutation]
  4323 | D:5      | Gained mutation: You are somewhat resistant to further
                  | mutation. [potion of mutation]
  4446 | D:6      | Found a sacrificial altar of Ru.
  4506 | D:6      | Reached XP level 8. HP: 70/70 MP: 8/8
  4583 | D:6      | Reached skill level 4 in Axes
  4715 | D:6      | Found a runed translucent door.
  4725 | D:6      | Noticed Theoretic's ghost (novice DrIE)
  4752 | D:6      | Reached skill level 5 in Shields
  4774 | D:6      | Found a runed translucent door.
  4840 | D:6      | Found a blossoming altar of Fedhas.
  4894 | D:6      | Found a stormy altar of Qazlal.
  4999 | D:6      | Found a shimmering blue altar of Sif Muna.
  5058 | D:6      | Got Sif Muna's Volume of Destruction
  5176 | D:7      | Reached * piety under Makhleb
  5177 | D:7      | Reached skill level 5 in Axes
  5385 | D:7      | Noticed Joseph
  5389 | D:7      | Reached skill level 6 in Axes
  5390 | D:7      | Reached XP level 9. HP: 37/77 MP: 9/9
  5395 | D:7      | Killed Joseph
  5603 | D:7      | Found Zin's Purification Station.
  5604 | D:7      | Found a glowing silver altar of Zin.
  5769 | D:7      | Found a shimmering altar of Xom.
  6469 | D:7      | Bought a potion of curing for 90 gold pieces
  6518 | D:8      | Found a staircase to the Lair.
  6576 | D:8      | Found a viscous altar of Jiyva.
  6740 | D:8      | Noticed Maggie
  6748 | D:8      | Killed Maggie
  6749 | D:8      | Reached skill level 5 in Fighting
  6749 | D:8      | Reached skill level 7 in Axes
  6893 | D:8      | Noticed Gastronok
  6909 | D:8      | Killed Gastronok
  6910 | D:8      | Reached skill level 8 in Axes
  6910 | D:8      | Reached XP level 10. HP: 78/86 MP: 10/10
  7369 | D:8      | Noticed Maurice
  7388 | D:8      | Killed Maurice
  7874 | D:9      | Noticed a two-headed ogre
  7886 | D:9      | Killed a two-headed ogre
  7887 | D:9      | Reached skill level 9 in Axes
  7887 | D:9      | Reached ** piety under Makhleb
  8100 | D:9      | Noticed a gargoyle
  8106 | D:9      | Killed a gargoyle
  8248 | D:9      | Reached skill level 10 in Axes
  8311 | D:9      | Noticed Grum
  8315 | D:9      | Reached XP level 11. HP: 96/96 MP: 11/11
  8320 | D:9      | HP: 2/96 [poisoned by Grum]
  8325 | D:9      | Killed Grum
  8547 | D:9      | Found a large runed translucent door.
  8547 | D:9      | Found a large runed translucent door.
  8564 | D:9      | Found an iron altar of Okawaru.
  8570 | D:9      | Paralysed by a hornet for 2 turns
  8673 | D:9      | Found a glowing golden altar of the Shining One.
  8831 | D:9      | Noticed Erica
  8845 | D:9      | Killed Erica
  8976 | D:9      | Found a shadowy altar of Dithmenos.
  9160 | D:10     | Entered Level 10 of the Dungeon
  9662 | D:10     | Noticed a two-headed ogre
  9673 | D:10     | Killed a two-headed ogre
  9880 | D:10     | Noticed Urug
  9896 | D:10     | Killed Urug
  9897 | D:10     | Reached skill level 11 in Axes
 10663 | D:11     | Noticed a centaur warrior
 10670 | D:11     | Killed a centaur warrior
 10757 | D:11     | Noticed a two-headed ogre
 10763 | D:11     | Killed a two-headed ogre
 10818 | D:11     | Noticed a tengu warrior
 10818 | D:11     | Noticed a skeletal warrior
 10819 | D:11     | Noticed a skeletal warrior
 10820 | D:11     | Noticed a tengu warrior
 10821 | D:11     | Noticed a skeletal warrior
 10838 | D:11     | HP: 1/98 [tengu warrior/+0 war axe (15)]
 10839 | D:11     | Slain by a tengu warrior

Illustrated notes

Levels and vault maps discovered:
D:1:      amcnicky_arrival_wind_blow, layout_rooms, serial_shops,
          nicolae_shop_waterfront, st_stairs_8, minmay_split_cup_small
D:2:      layout_rooms, dreamdust_wishing_well
D:3:      layout_loops_ring, mainiacjoe_overflow_cross_hatched,
          gammafunk_temple_overflow_forgotten
D:4:      layout_loops_ring, dk_yredelemnul_ordeal, minmay_misc_feat_x,
          corner_web_ring, uniq_sigmund
D:5:      layout_loops_cross, makhleb_altar_promises_db,
          mainiacjoe_overflow_boulevard, minmay_temple_entry_ruins,
          corexii_shack, uniq_eustachio
D:6:      layout_cave_pools, grunt_temple_overflow_forces_of_nature,
          mainiacjoe_overflow_alcove_4, led_sif_book, ebering_ghost_sewer_f
D:7:      layout_cave_pods, lemuel_round_altar, zin_purify, uniq_joseph
D:8:      layout_loops_ring, lair_entry_dummy, jiyva_altar_1, uniq_maggie,
          uniq_maurice, uniq_gastronok
D:9:      layout_stronghold, nicolae_dithmenos_shadow_blocks,
          jmf_multi_god_temple2, uniq_grum, uniq_erica
D:10:     layout_basic, uniq_urug
D:11:     nicolae_cairo_tiling_large_dashed, layout_irregular_city,
          bh_walls_and_bars
Temple:   nicolae_temple_stand_before_the_council

Skill      XL: |  1  2  3  4  5  6  7  8  9 10 11 |
---------------+----------------------------------+-----
Armour         | 4 5 6 7 8 9 |  9.8
Fighting       | 3 4 5 6 7 |  7.1
Short Blades   | 2 3 |  3.7
Shields        | 4 5 6 |  6.9
Axes           | 2 3 6 8 10 11 | 11.5
Stealth        | 1 2 3 |  3.1
Dodging        | 1 2 3 |  3.4
Evocations     | |  0.3

Action                   |  1- 3 |  4- 6 |  7- 9 | 10-12 || total
-------------------------+-------+-------+-------+-------++-------
Melee: War axe           |    10 |       |       |       ||    10
       Dagger            |   128 |    60 |       |       ||   188
       Tailslap          |     9 |    10 |    27 |    36 ||    82
       Battleaxe         |       |    10 |   192 |   278 ||   480
       Kick              |       |       |    40 |    61 ||   101
Throw: Javelin           |       |       |       |     2 ||     2
Evoke: Wand              |       |       |       |     3 ||     3
  Use: Scroll            |       |     7 |     8 |     6 ||    21
       Potion            |       |     2 |     5 |     4 ||    11
Armor: Scale mail        |    68 |    16 |   189 |   307 ||   580
       Chain mail        |       |    42 |    57 |       ||    99
Dodge: Dodged            |    42 |    14 |    73 |   112 ||   241
Block: Buckler           |    26 |     9 |       |       ||    35
       Other             |       |     5 |    73 |    88 ||   166
       Reflection        |       |     1 |       |     1 ||     2

Table legend: (Time is in decaauts)
 A = Elapsed time spent in this place.
 B = Non-inter-level travel time spent in this place.
 C = Inter-level travel time spent in this place.
 D = Time resting spent in this place.
 E = Time spent auto-exploring this place.
 F = Levels seen in this place.
 G = Mean time per level.
                   A        B        C        D        E       F      G
               +--------+--------+--------+--------+--------+-----+--------+
         Total |  11018 |  11018 |      0 |   2171 |      0 |  12 |  918.2 |
       Dungeon |  11016 |  11016 |      0 |   2171 |      0 |  11 | 1001.5 |
        Temple |      1 |      1 |      0 |      0 |      0 |   1 |    1.0 |
               +--------+--------+--------+--------+--------+-----+--------+

Top non-repeatable levels by time:
     D:9: 1605 daAuts
     D:7: 1371 daAuts
    D:10: 1350 daAuts
     D:8: 1090 daAuts
     D:5: 1076 daAuts
     D:4: 983 daAuts
     D:3: 969 daAuts
     D:6: 873 daAuts
     D:1: 751 daAuts
     D:2: 582 daAuts
    D:11: 361 daAuts
  Temple: 1 daAuts
